cohdb
Replays
Latest Replays
All Replays
Popular Replays
Top Player Replays
Match Explorer
How It Works
Community
CoH3 Stats
Reddit
Sign in to upload your games and track your stats! →
Sign in with Steam
Match 45108231
Unlisted
Match 45108231
Overview
Messages
Build Orders
End
Kradschützen Motorcycle Team
Panzergrenadier Squad
Panzergrenadier Squad
Panzergrenadier Squad
Construct Light Support Kompanie
Construct Mechanized Kompanie
Panzerjäger Mechanized Group
8 Rad Armored Car
Support Armor Elements
Veteran Squad Leaders
StuG III D Assault Gun
254 Reconnaissance Tractor
2.5-tonne Medical Truck
Selects Battlefield Espionage Battlegroup
Selects 250/3 Funkpanzerwagen
Marder III Tank Destroyer
Selects Anti-Tank Incendiary Munitions
Selects Operation Skorpion
Selects Sector Subterfuge Beacon
Pak 38 Mechanized Group
Selects Transfer Depots
Emergency Repair Kits
Construct Panzerarmee Kommand
Selects Firestorm
Firestorm
Armored Reserves
Panzer IV Assault Group
Firestorm
BUNGA BUNGA
Bear
jesseavoy
brainfart
0
0
Comments
sign in to comment!
No comments posted yet!